 Dungeon Crawl Stone Soup version 0.28.0-49-g6dfe1f597d (webtiles) character file.

Game seed: 9909308841960927173

28 blade888 the Chiller (level 3, 0/26 HPs)
             Began as a Draconian Ice Elementalist on May 13, 2022.
             Succumbed to an adder's poison
             ... on level 2 of the Dungeon on May 17, 2022.
             The game lasted 00:12:51 (1476 turns).

blade888 the Chiller (Draconian Ice Elementalist)   Turns: 1476, Time: 00:12:51

Health: 0/26       AC:  5    Str: 10    XL:     3   Next: 0%
Magic:  4/6        EV: 12    Int: 17    God:
Gold:   75         SH:  0    Dex: 11    Spells: 5/6 levels left

rFire   . . .      SeeInvis .   g - +0 short sword
rCold   . . .      Faith    .   (no shield)
rNeg    . . .      Spirit   .   (armour unavailable)
rPois   .          Reflect  .   (helmet restricted)
rElec   .          Harm     .   (no cloak)
rCorr   .          Rampage  .   (no gloves)
Will    .....                   (no boots)
Stlth   ++........              (no amulet)
HPRegen 0.08/turn               (no ring)
MPRegen 0.10/turn               (no ring)

@: lethally poisoned (0 -> -3), slowed, very slow
A: AC +5, unfitting armour, cold-blooded
a: no special abilities


You were on level 2 of the Dungeon.
You visited 1 branch of the dungeon, and saw 2 of its levels.

You collected 75 gold pieces.

Inventory:

Hand Weapons
 a - a +0 club
 c - a +0 club
 e - a +0 dagger
 g - a +0 short sword (weapon)
 j - a +0 club
 k - a +0 short sword
 n - a +0 whip
 p - a +0 dagger
 q - a +0 dagger
Missiles
 b - 14 arrows
 i - 24 stones
 m - 20 sling bullets
Scrolls
 h - 2 scrolls of identify
 l - a scroll of immolation {unknown}
Potions
 d - a potion of degeneration {unknown}
 f - a potion of mutation {unknown}
 o - a potion of attraction {unknown}


   Skills:
 + Level 0.6 Maces & Flails
 + Level 1.9 Dodging
 + Level 1.9 Stealth
 + Level 2.2 Spellcasting
 + Level 4.5 Ice Magic


You had 5 spell levels left.
You knew the following spells:

 Your Spells              Type           Power      Damage    Failure   Level
a - Freeze                Ice            68%        1d8       3%          1

Your spell library contained the following spells:

 Spells                   Type           Power      Damage    Failure   Level
 Frozen Ramparts          Ice            34%        1d5       9%          3
 Ozocubu's Armour         Ice            17%        N/A       9%          3
 Hailstorm                Conj/Ice       9%         3d4       58%         4


Dungeon Overview and Level Annotations

Branches:
Dungeon (2/15)

Altars:


Innate Abilities, Weirdness & Mutations

Your plain brown scales are hard. (AC +5)
You cannot fit into any form of body armour.
You are cold-blooded and may be slowed by cold attacks.


Message History

Nothing appears to happen.
The adder bites you but does no damage.
You closely miss the adder.
Your tail-slap misses the adder.
The adder barely misses you. The endoplasm hits you. The adder bites you.
You are poisoned.
The adder poisons you!
You barely miss the adder.
You feel sick. The adder closely misses you. The endoplasm freezes you.
You are frozen.
You feel yourself slow down.
You closely miss the adder.
Your tail-slap misses the adder.
You feel sick. The adder bites you.
You are more poisoned.
The adder poisons you! The endoplasm freezes you.
You are frozen.
* * * LOW HITPOINT WARNING * * *
You feel as though you will be slow longer.
The adder barely misses you. The endoplasm barely misses you.
* * * LOW HITPOINT WARNING * * *
You feel very sick. The adder bites you but does no damage.
* * * LOW HITPOINT WARNING * * *
You feel sick. The adder barely misses you.
Your magical contamination has completely faded away.
Casting: Freeze (safe; 3% risk of failure)
Confirm with . or Enter, or press ? or * to list all spells.
Aiming: Freeze (safe; 3% risk of failure)
Press: ? - help, Shift-Dir - straight line, f/p - adder
Aim: an adder You freeze the adder.
The adder is lightly wounded.
* * * LOW HITPOINT WARNING * * *
You feel sick. The adder completely misses you. The adder closely misses you.
Casting: Freeze (safe; 3% risk of failure)
Confirm with . or Enter, or press ? or * to list all spells.
Aiming: Freeze (safe; 3% risk of failure)
Press: ? - help, Shift-Dir - straight line, f/p - adder
Aim: an adder (lightly wounded)
You freeze the adder.
The adder is severely wounded.
You die...

### ..# #.#
#.#
.#######.####
........JS@.#
######..##.#
#..##.########
#..##........#
#..#########.#
#..# #.# ...$
#.# #<.# #.#
...# #.#


You could see an adder and an endoplasm.

Vanquished Creatures
  3 endoplasms (D:1)
  A giant cockroach (D:1)
  4 goblins (D:1)
  2 hobgoblins (D:1)
  4 kobolds (D:1)
  A quokka (D:1)
  A ball python (D:1)
  5 bats (D:1)
  2 frilled lizards (D:1)
  2 rats (D:1)
25 creatures vanquished.

Vanquished Creatures (others)
  2 plants (D:1)
2 creatures vanquished.

Grand Total: 27 creatures vanquished

Notes
Turn   | Place    | Note
-------+----------+-------------------------------------------
     0 | D:1      | blade888 the Draconian Ice Elementalist began the quest for
                  | the Orb.
     0 | D:1      | Reached XP level 1. HP: 14/14 MP: 3/3
   384 | D:1      | Reached XP level 2. HP: 8/20 MP: 3/5
  1354 | D:1      | Reached XP level 3. HP: 24/26 MP: 2/6
  1475 | D:2      | HP: 1/26 [poisoned by an adder]
  1476 | D:2      | Succumbed to an adder's poison

Illustrated notes

Levels and vault maps discovered:
D:1:      sevenhm_arrival_forest_fort_large_4, layout_basic
D:2:      layout_loops_ring, uniq_terence

Action                   || total
-------------------------++-------
Melee: Unarmed           ||   134
       Tailslap          ||    40
       Club              ||    54
       Punch             ||     5
       Short sword       ||     3
 Cast: Freeze            ||    20
  Use: Scroll            ||     2
 Stab: Sleeping          ||     5
Armor: Skin              ||    19
Dodge: Dodged            ||    53
